[Event "Estonian Chess Championship 2021"]
[Site "Tallinn, Paul Keres Chess House, Estonia"]
[Date "2021.12.15"]
[Round "5.2"]
[White "Hansson, Markus"]
[Black "Timoshin, Andrei"]
[Result "0-1"]
[TimeControl "90 minutes for first 40 moves and 15 min. for the rest of the game with 30 sec."]
[WhiteFideId "4505620"]
[BlackFideId "4503503"]
[WhiteElo "1662"]
[BlackElo "2150"]

1. c4 c5 2. Nc3 Nc6 3. g3 g6 4.
Bg2 Bg7 5. e4 d6 6. Nge2 e6 7. O-O Rb8 8. d3 a6 9.
a4 Nge7 10. Be3 O-O 11. d4 cxd4 12. Nxd4 e5 13. Nc2 Be6 14. Nd5 b5 15. cxb5 axb5 16. b3 bxa4 17. bxa4 Bxd5 18. exd5 Na5 19.
Rb1 Qd7 20. Nb4 Rfc8 21. Re1 e4 22. Bd2 f5 23. Bf1 Nc4 24. Bxc4 Rxc4 25. Qb3 Rc5 26. Rbc1 Ra5 27. Qc2 Rxa4 28.
Nc6 Rba8 29. Bg5 Bf8 30. Red1 Nc8 31. Nd4 Bg7 32. Ne6 Be5 33. Qb3 Ra1 34. Kg2 R1a3 35. Qb4 R3a7 36. Rc6 Rb7 37.
Qd2 Ne7 38. Bxe7 Qxe7 39. Rdc1 f4 40. Rc8+ Rxc8 41. Rxc8+ Kf7 42. Rf8+ Qxf8 43. Nxf8 f3+ 44. Kh3 Kxf8 45. Qa5 Rf7 46.
Qe1 Bd4 47. Qxe4 Bxf2 48. Qd3 Bc5 49. Qf1 h5 50. g4 hxg4+ 51. Kxg4 f2 52. Kg3 Rf5 53. h4 Kg8 54. Kg2 Kh7 55.
h5 Rg5+ 56. Kh2 Rxh5+ 57. Kg3 Rg5+ 58. Kf4 Rf5+ 59. Kg3 Kg8 60. Kg4 Kf7 61. Kg3 Rg5+ 62. Kh4 Rg1 63. Qe2 g5+ 64. Kh5 Rh1+ 65.
Kxg5 Rg1+ 66. Kh6 Rh1+ 67. Kg5 f1=Q 68. Qe6+ Kf8 69. Qc8+ Kg7 70. Qb7+ Qf7 71. Qb2+ Kg8 72. Qb8+ Qf8 0-1

[Event "Estonian Chess Championship 2021"]
[Site "Tallinn, Paul Keres Chess House, Estonia"]
[Date "2021.12.15"]
[Round "5.3"]
[White "Volodin, Aleksandr"]
[Black "Rychagov, Nikita"]
[Result "1/2-1/2"]
[TimeControl "90 minutes for first 40 moves and 15 min. for the rest of the game with 30 sec."]
[WhiteTitle "GM"]
[WhiteFideId "4501950"]
[BlackFideId "4508394"]
[WhiteElo "2461"]
[BlackElo "1985"]

1. d4 d5 2. c4 e6 3. Nc3 Nf6 4. cxd5 exd5 5. Bg5 c6 6. Qc2 h6 7. Bh4 Be7 8. e3 O-O 9. Bd3 Re8 10. Nge2 Nbd7 11. O-O Ne4 12. Bxe7 Qxe7 13.
Rae1 Ndf6 14. f3 Nxc3 15.
Nxc3 Be6 16. a3 c5 17. dxc5 Qxc5 18. Nb5 Qxc2 19.
Bxc2 Rec8 20. Nd4 Rc5 21. Bd3 Rac8 22. Kf2 Nd7 23. f4 Nb6 24. h3 a6 25.
Kf3 Na4 26. Rf2 b5 27. Rd1 Nb6 28. g4 Kf8 29. Bc2 a5 30. Bd3 Bd7 31. Nb3 R5c7 32. Nxa5 Nc4 33. Nb3 Re8 34. Re1 g5 35.
Nd4 Kg7 36. Ree2 b4 37. axb4 Rb8 38. Rc2 gxf4 39. Kxf4 Rcc8 40. b5 Rb6 41. b3 Rf6+ 42. Nf5+ Bxf5 43. gxf5 Nd6 44. Rxc8 Nxc8 45.
Rc2 Ne7 46. Ke5 Rb6 47. f6+ Rxf6 48. Rg2+ Ng6+ 49. Bxg6 fxg6 50. Kxd5 Rf3 51. Re2 Rxh3 52. b6 Rf3 53. b7 Rf8 54. Kc6 g5 55. Kc7 g4 56. Rd2 Kg6 57.
e4 h5 58. e5 g3 59. e6 Kf6 60. Rd8 Rxd8 61. Kxd8 g2 62. b8=Q g1=Q 63. Qd6 Qg8+ 64. Kd7 Qg4 65. Qf8+ Ke5 66.
Qc5+ Kf6 67. Qf2+ Kg5 68. Qe3+ Kg6 69. Kc7 Qb4 70. e7 Qa5+ 71. Kc6 Qa8+ 72. Kb5 Kf7 73. Qe5 Qb7+ 74. Kc4 Qa6+ 75.
Kb4 Qb7+ 76. Kc3 Qf3+ 77. Kd4 Ke8 78. b4 h4 79. Qh8+ Kxe7 80. Qxh4+ Kd7 81. Qh7+ Kc6 82. Qc2+ Kb7 83.
Qd2 Kb6 84. Kc4 Qe4+ 85. Kb3 Qe6+ 86. Ka3 Qf6 87. Qe3+ Ka6 88. Qc5 Qa1+ 89. Kb3 Qb1+ 90. Kc4 Qc2+ 91. Kd5 Qf5+ 92. Kc6 Qe6 93.
Kc7 Qf7+ 94. Kd6 Qf6 95. Kd5 Qf5+ 96. Kd4 Qf4+ 97. Kd3 Qf3+ 98. Kd2 Qf4+ 99. Kc2 Qe4+ 100. Kb2 Qe2+ 101. Ka3 Qd3+ 1/2-1/2

[Event "Estonian Chess Championship 2021"]
[Site "Tallinn, Paul Keres Chess House, Estonia"]
[Date "2021.12.15"]
[Round "5.4"]
[White "Shishkov, Andrei"]
[Black "Andrijashkin, Deniss"]
[Result "0-1"]
[TimeControl "90 minutes for first 40 moves and 15 min. for the rest of the game with 30 sec."]
[WhiteTitle "IM"]
[WhiteFideId "4500563"]
[BlackFideId "4504631"]
[WhiteElo "2405"]
[BlackElo "2036"]

1. d4 Nf6 2. c4 g6 3. Nc3 Bg7 4. e4 d6 5. f3 O-O 6.
Be3 a6 7. Qd2 Nc6 8. O-O-O b5 9. h4 Nh5 10. cxb5 axb5 11. Bxb5 Na5 12. g4 c6 13. Bd3 Nf6 14. b4 Nb7 15. h5 Qb6 16. e5 Nd5 17. Nxd5 cxd5 18. hxg6 fxg6 19. Qh2 h5 20. gxh5 Bd7 21.
Qb2 Rfc8+ 22. Kb1 dxe5 23. h6 Bh8 24. h7+ Kf7 25. Rh6 exd4 26. Bxg6+ Qxg6+ 27. Rxg6 Bf5+ 28. Ka1 dxe3 29. Qxh8 Rxh8 30.
Rb6 Rxh7 31. Rxd5 Be6 32. Re5 Nd6 33. Rxe3 Bxa2 34. Re1 Rh2 35. f4 Bc4+ 36. Kb1 Bd3+ 0-1

[Event "Estonian Chess Championship 2021"]
[Site "Tallinn, Paul Keres Chess House, Estonia"]
[Date "2021.12.15"]
[Round "5.5"]
[White "Soot, Margus"]
[Black "Kull, Tormi"]
[Result "1-0"]
[TimeControl "90 minutes for first 40 moves and 15 min. for the rest of the game with 30 sec."]
[WhiteFideId "4501160"]
[BlackFideId "4510151"]
[WhiteElo "2117"]
[BlackElo "1753"]

1. Nf3 d5 2. g3 Nf6 3. Bg2 c6 4. O-O Bf5 5. d3 h6 6.
Nbd2 e6 7. c4 Nbd7 8. a3 a5 9. b3 Be7 10. Bb2 O-O 11. Qc2 Bh7 12. Bc3 Qc7 13. Qb2 c5 14. cxd5 exd5 15. d4 c4 16. bxc4 dxc4 17. Ne5 Nb6 18. Qb5 Rfd8 19. Bxa5 Rxa5 20. Qxa5 Ra8 21. Qc3 Rc8 22.
Rfc1 Qb8 23. Qa5 Bd8 24. Qb4 Nfd5 25. Bxd5 Nxd5 26. Qb5 c3 27. Qe8# 1-0

[Event "Estonian Chess Championship 2021"]
[Site "Tallinn, Paul Keres Chess House, Estonia"]
[Date "2021.12.16"]
[Round "6.2"]
[White "Andrijashkin, Deniss"]
[Black "Soot, Margus"]
[Result "1-0"]
[TimeControl "90 minutes for first 40 moves and 15 min. for the rest of the game with 30 sec."]
[WhiteFideId "4504631"]
[BlackFideId "4501160"]
[WhiteElo "2036"]
[BlackElo "2117"]

1. e4 c5 2. Nf3 d6 3. Bb5+ Bd7 4. Bxd7+ Nxd7 5. O-O g6 6. c3 Bg7 7. d4 cxd4 8. cxd4 e6 9. Nc3 Ne7 10.
Bf4 Nb6 11. Nb5 Nec8 12. Qb3 O-O 13. Rac1 a6 14. Nc7 Ra7 15. d5 exd5 16. Nxd5 Nxd5 17. Qxd5 b5 18. b3 Qa5 19. Rc2 Rd7 20.
Qc6 Rfd8 21. Bd2 Qa3 22. Qxc8 1-0

[Event "Estonian Chess Championship 2021"]
[Site "Tallinn, Paul Keres Chess House, Estonia"]
[Date "2021.12.16"]
[Round "6.3"]
[White "Rychagov, Nikita"]
[Black "Shishkov, Andrei"]
[Result "1-0"]
[TimeControl "90 minutes for first 40 moves and 15 min. for the rest of the game with 30 sec."]
[BlackTitle "IM"]
[WhiteFideId "4508394"]
[BlackFideId "4500563"]
[WhiteElo "1985"]
[BlackElo "2405"]

1. e4 c6 2. d4 d5 3. e5 c5 4. dxc5 e6 5. Qg4 h5 6. Qf4 Nc6 7. Nf3 Bxc5 8. Nc3 Nh6 9. h3 Qb6 10.
Bd3 Nb4 11. O-O Nxd3 12. cxd3 Bd7 13. Na4 Bxa4 14. Qxa4+ Kf8 15. Bd2 Nf5 16. Rac1 a5 17. b4 Bxb4 18. Bxb4+ Qxb4 19. Qxb4+ axb4 20.
Rc7 h4 21. Rxb7 Rh5 22. Ra1 Ra4 23. Rb8+ Ke7 24. Rc1 Kd7 25. Rc2 f6 26. Rb7+ Kd8 27. Rc6 Rxa2 28. exf6 gxf6 29. Rxe6 Rh6 30.
Rxb4 Ra1+ 31. Kh2 Rg6 32. Rf4 Kd7 33. Re2 Ng3 34. Re1 Rxe1 35. Nxe1 Ne2 36. Rxh4 Ke6 37. Nf3 Nc1 38. d4 Rg8 39.
Rh7 Rc8 40. h4 Rc2 41. h5 Nd3 42. h6 Nxf2 43. Rg7 Rc1 44. h7 Rh1+ 45. Kg3 Ne4+ 46. Kf4 Rh6 47. g3 Nf2 48. Nh4 Nh3+ 49.
Kg4 Ng5 50. Rxg5 1-0

[Event "Estonian Chess Championship 2021"]
[Site "Tallinn, Paul Keres Chess House, Estonia"]
[Date "2021.12.16"]
[Round "6.4"]
[White "Timoshin, Andrei"]
[Black "Volodin, Aleksandr"]
[Result "0-1"]
[TimeControl "90 minutes for first 40 moves and 15 min. for the rest of the game with 30 sec."]
[BlackTitle "GM"]
[WhiteFideId "4503503"]
[BlackFideId "4501950"]
[WhiteElo "2150"]
[BlackElo "2461"]

1. e4 c5 2. Nf3 Nc6 3. Bb5 e6 4. Bxc6 bxc6 5. Qe2 Ne7 6. Nh4 g6 7. d3 Bg7 8. O-O O-O 9. c4 d6 10.
f4 Nf5 11. Nf3 Nd4 12. Nxd4 cxd4 13. Nd2 c5 14. e5 Bb7 15. Ne4 Bxe4 16. Qxe4 a5 17. exd6 Qxd6 18. Bd2 Qb6 19. Rab1 Rfb8 20.
Qf3 Ra7 21. Rf2 Qc7 22. Re2 Qd7 23. Bc1 Rab7 24. Ra1 Rb6 25. Re1 Bf8 26. Qe4 Bd6 27. Qf3 Qa4 28. Qe4 Bc7 29. Qf3 Qd7 30.
Re2 Re8 31. Rb1 Qa4 32. Ra1 e5 33. fxe5 Qd1+ 34. Kf2 Bxe5 35. b3 Rbe6 36. Re4 Qh1 37. Bb2 Qxh2 38. Rf1 f5 39. Ree1 Qh4+ 40.
g3 Qh2+ 0-1

[Event "Estonian Chess Championship 2021"]
[Site "Tallinn, Paul Keres Chess House, Estonia"]
[Date "2021.12.16"]
[Round "6.5"]
[White "Pedmanson, Albert"]
[Black "Hansson, Markus"]
[Result "1-0"]
[TimeControl "90 minutes for first 40 moves and 15 min. for the rest of the game with 30 sec."]
[WhiteFideId "4505778"]
[BlackFideId "4505620"]
[WhiteElo "1888"]
[BlackElo "1662"]

1. e4 e6 2. d4 d5 3. Nd2 c5 4. c3 Nc6 5. Ngf3 Nf6 6. Bd3 Be7 7. O-O O-O 8. dxc5 Bxc5 9. b4 Bb6 10.
Qc2 h6 11. Bb2 Re8 12. Rad1 Qc7 13. a3 dxe4 14. Nxe4 Nxe4 15. Bxe4 Ne5 16. Nxe5 Qxe5 17. c4 Qh5 18. Qc3 e5 19.
c5 Bc7 20. c6 b6 21. Rd7 Ba6 22. Re1 Rac8 23. Qb3 Red8 24. b5 Rxd7 25. cxd7 Rd8 26. bxa6 Rxd7 27. g3 Qg5 28. Rd1 Rd2 29.
Rxd2 Qxd2 30. Qc3 Qd1+ 31. Kg2 Bd6 32. Qc8+ Bf8 33. Qf5 Bc5 34. Qxe5 Bf8 35. Qf5 Bc5 36. Qh7+ Kf8 37. Qxg7+ Ke7 38.
Qf6+ Kf8 39. Qxh6+ Ke7 40. Qg5+ Kd7 41. Qd5+ Qxd5 42. Bxd5 f5 43. Bg7 Kd6 44. Bb3 Kc6 45. h4 Bxa3 46.
h5 Bc1 47. f4 b5 48. h6 b4 49. h7 Bd2 50. h8=Q Bc3 51. Qc8+ Kb5 52. Qb7+ Ka5 53. Bc4 Ka4 54. Bxc3 bxc3 55.
Qb5+ Ka3 56. Qb3# 1-0

[Event "Estonian Chess Championship 2021"]
[Site "Tallinn, Paul Keres Chess House, Estonia"]
[Date "2021.12.17"]
[Round "7.1"]
[White "Hansson, Markus"]
[Black "Kanep, Meelis"]
[Result "0-1"]
[TimeControl "90 minutes for first 40 moves and 15 min. for the rest of the game with 30 sec."]
[BlackTitle "GM"]
[WhiteFideId "4505620"]
[BlackFideId "4501047"]
[WhiteElo "1662"]
[BlackElo "2433"]

1. c4 e6 2. e4 c5 3. Nc3 Nc6 4. g3 Nf6 5. Bg2 d5 6. cxd5 exd5 7. Nxd5 Nxd5 8. exd5 Nb4 9. d3 Be7 10.
Qb3 Bf5 11. Be4 c4 12. Qa4+ b5 13. Qd1 Nxd3+ 14. Bxd3 Bxd3 15. Ne2 Qxd5 16. O-O Qd7 17. Re1 O-O 18. Nf4 Bf6 19. a4 b4 20.
Nxd3 cxd3 21. Rb1 Rac8 22. Re3 Rfd8 23. Bd2 a5 24. b3 Rc2 25. Rc1 Bg5 26. f4 Bf6 27. Re4 Bd4+ 28. Be3 Bxe3+ 29. Rxe3 Rxc1 30. Qxc1 d2 31. Qd1 Qd4 0-1

[Event "Estonian Chess Championship 2021"]
[Site "Tallinn, Paul Keres Chess House, Estonia"]
[Date "2021.12.17"]
[Round "7.2"]
[White "Volodin, Aleksandr"]
[Black "Pedmanson, Albert"]
[Result "1-0"]
[TimeControl "90 minutes for first 40 moves and 15 min. for the rest of the game with 30 sec."]
[WhiteTitle "GM"]
[WhiteFideId "4501950"]
[BlackFideId "4505778"]
[WhiteElo "2461"]
[BlackElo "1888"]

1. d4 Nf6 2. g3 e6 3. c4 c5 4. Nf3 g6 5. Nc3 Bg7 6. Bg2 O-O 7. O-O Qe7 8. Bf4 cxd4 9. Qxd4 d5 10.
cxd5 Nxd5 11. Nxd5 exd5 12. Qxd5 Bxb2 13. Rad1 Re8 14. Nd4 Rd8 15. Nf5 1-0

[Event "Estonian Chess Championship 2021"]
[Site "Tallinn, Paul Keres Chess House, Estonia"]
[Date "2021.12.17"]
[Round "7.3"]
[White "Shishkov, Andrei"]
[Black "Timoshin, Andrei"]
[Result "0-1"]
[TimeControl "90 minutes for first 40 moves and 15 min. for the rest of the game with 30 sec."]
[WhiteTitle "IM"]
[WhiteFideId "4500563"]
[BlackFideId "4503503"]
[WhiteElo "2405"]
[BlackElo "2150"]

1. d4 f5 2. g3 Nf6 3. Bg2 d5 4. c4 e6 5. Nf3 Bd6 6. O-O c6 7. Bf4 Bxf4 8. gxf4 O-O 9. Ne5 a5 10.
Nd2 Bd7 11. Qb3 Ra7 12. Qh3 Be8 13. Bf3 dxc4 14. Rad1 Nd5 15. e3 b5 16. Rc1 Rc7 17. Qg2 Kh8 18. a4 Nd7 19. Rfd1 N7f6 20.
Ra1 Ra7 21. Kh1 Qe7 22. Bxd5 cxd5 23. axb5 Bxb5 24. Ndf3 Rb8 25. Ra2 Be8 26. Rda1 a4 27. Qh3 Kg8 28. Qf1 Ne4 29. Kg2 Rab7 30.
Qc1 Rb3 31. Nd2 Nxd2 32. Qxd2 Qb4 33. Qd1 Rxb2 34. Rxa4 Bxa4 35. Rxa4 Qb3 36. Qh5 Qxa4 37. Qf7+ Kh8 38. Qxe6 R2b7 0-1

[Event "Estonian Chess Championship 2021"]
[Site "Tallinn, Paul Keres Chess House, Estonia"]
[Date "2021.12.17"]
[Round "7.4"]
[White "Soot, Margus"]
[Black "Rychagov, Nikita"]
[Result "0-1"]
[TimeControl "90 minutes for first 40 moves and 15 min. for the rest of the game with 30 sec."]
[WhiteFideId "4501160"]
[BlackFideId "4508394"]
[WhiteElo "2117"]
[BlackElo "1985"]

1. c4 e6 2. Nf3 d5 3. e3 c5 4. cxd5 exd5 5. d4 Nf6 6. Nc3 Nc6 7. Be2 cxd4 8. Nxd4 Bc5 9. O-O O-O 10.
Bf3 Bb6 11. b3 Ne5 12. Be2 a6 13. Bb2 Re8 14. Rc1 Bc7 15. h3 Bb8 16. Re1 Qd6 17. Nb1 Ne4 18. f4 Ng6 19. Bg4 Nxf4 20.
exf4 Qxf4 21. Nf3 Bxg4 22. hxg4 Qg3 23. Qxd5 Qf2+ 24. Kh1 Ng3+ 25. Kh2 Ne2+ 26. Kh1 Bf4 27. Bd4 Ng3+ 28. Kh2 Ne2+ 29. Kh1 Qg3 30. Rcd1 Qxg4 31.
Bf2 g5 32. Rxe2 Rxe2 33. Qd4 Re6 34.
Nc3 Qh5+ 35. Kg1 Rh6 36. Kf1 Bc7 37. Nd5 Bd8 38. Ne3 Bb6 39. Qg4 Qh1+ 40. Ke2 Qh5 41. Qxh5 Rxh5 42. Nd5 Re8+ 43. Kd3 Bd8 44. Bb6 g4 45.
Kc4 Bxb6 46. Nf6+ Kf8 47. Nxh5 gxf3 48. gxf3 Rc8+ 49. Kb4 Rc2 50. Rd5 Bf2 51. Nf6 b6 52. Nd7+ Ke7 53. Rd1 h5 54.
a4 Bc5+ 55. Nxc5 Rxc5 56. Rd3 a5+ 57. Ka3 h4 58. b4 axb4+ 59. Kxb4 Rh5 0-1

[Event "Estonian Chess Championship 2021"]
[Site "Tallinn, Paul Keres Chess House, Estonia"]
[Date "2021.12.17"]
[Round "7.5"]
[White "Kull, Tormi"]
[Black "Andrijashkin, Deniss"]
[Result "1/2-1/2"]
[TimeControl "90 minutes for first 40 moves and 15 min. for the rest of the game with 30 sec."]
[WhiteFideId "4510151"]
[BlackFideId "4504631"]
[WhiteElo "1753"]
[BlackElo "2036"]

1. e4 e6 2. d4 d5 3. exd5 exd5 4. Nc3 Nf6 5. h3 Bd6 6. Qf3 c6 7. Be3 O-O 8. Bd3 b6 9. Nge2 Ba6 10.
O-O-O Bxd3 11. Rxd3 Qc7 12. Ng3 Bxg3 13. fxg3 Re8 14. Bf4 Qe7 15. Re3 Qf8 16. Rhe1 Nbd7 17. g4 Rxe3 18. Rxe3 Re8 19.
g5 Rxe3 20. Qxe3 Ne8 21. Ne2 Nd6 22. Qa3 Nc4 23. Qxf8+ Kxf8 24. b3 Na5 25. Kd2 Ke7 26. Kd3 Nb7 27. c4 dxc4+ 28. bxc4 c5 29.
d5 Nd6 30. Nc3 a6 31. a4 Nf5 32. Ke4 Nd4 33. d6+ Kd8 34. Kd5 Nb8 35. Be5 Ne6 36. Ne2 Kd7 37. h4 Nc6 38. Ng3 g6 39. Nf1 Ned8 40. Bf4 Nb4+ 41. Ke4 Nb7 42.
Ne3 Nxd6+ 43. Bxd6 Kxd6 44. Ng4 Ke6 45. Nf6 h6 46. Nh7 h5 47. Nf6 Kd6 48. Ne8+ Kd7 49. Nf6+ Kc6 50. g4 hxg4 51.
Nxg4 Kd6 52. Nf6 Ke6 53. h5 gxh5 54. Nxh5 Na2 55. Nf4+ Kd6 56. Nd5 Kc6 57. Ke5 Nb4 58. Nc3 Kd7 59.
Kf6 Ke8 60. Ne4 Nd3 61. Nd6+ Kd7 62. Nxf7 Nf4 63. Kf5 Nh5 64. Ne5+ Kd6 65. Nd3 Ng3+ 66. Kf4 Nh5+ 67. Kg4 Ng7 68.
g6 1/2-1/2

[Event "Estonian Chess Championship 2021"]
[Site "Tallinn, Paul Keres Chess House, Estonia"]
[Date "2021.12.18"]
[Round "8.1"]
[White "Kanep, Meelis"]
[Black "Andrijashkin, Deniss"]
[Result "1/2-1/2"]
[TimeControl "90 minutes for first 40 moves and 15 min. for the rest of the game with 30 sec."]
[WhiteTitle "GM"]
[WhiteFideId "4501047"]
[BlackFideId "4504631"]
[WhiteElo "2433"]
[BlackElo "2036"]

1. d4 Nf6 2. Nf3 g6 3. c4 Bg7 4. g3 O-O 5. Bg2 d6 6. O-O Nc6 7. Nc3 e5 8. d5 Nb8 9. e4 a5 10.
Ne1 Na6 11. Nd3 Nd7 12. Be3 Ndc5 13. Nxc5 Nxc5 14. a3 Bd7 15. b4 axb4 16. axb4 Rxa1 17. Qxa1 Nb3 18. Qb2 Nd4 19. Ne2 Nxe2+ 20. Qxe2 f5 21. exf5 gxf5 22. f4 e4 23. Rd1 Qa8 24. b5 Qa3 25. Bd4 1/2-1/2

[Event "Estonian Chess Championship 2021"]
[Site "Tallinn, Paul Keres Chess House, Estonia"]
[Date "2021.12.18"]
[Round "8.2"]
[White "Rychagov, Nikita"]
[Black "Kull, Tormi"]
[Result "1-0"]
[TimeControl "90 minutes for first 40 moves and 15 min. for the rest of the game with 30 sec."]
[WhiteFideId "4508394"]
[BlackFideId "4510151"]
[WhiteElo "1985"]
[BlackElo "1753"]

1. e4 c6 2. d4 d5 3. e5 c5 4. dxc5 e6 5. Bd3 Nd7 6. Nf3 Nxc5 7. Be2 Ne7 8. O-O Ng6 9. c4 dxc4 10.
Qxd8+ Kxd8 11. Na3 Bd7 12. Nxc4 Bc6 13. Be3 Nd7 14. Rfd1 Bd5 15. Rac1 f6 16. h4 Rg8 17. h5 Nh8 18.
Bd3 f5 19. Bxf5 g6 20. Bh3 gxh5 21. Ng5 Ke7 22. Nxh7 Nf7 23. Nxf8 Nxf8 24. Bc5+ Ke8 25. Nd6+ Nxd6 26. Bxd6 Ng6 27.
Rd4 Bxa2 28. Rc7 Bd5 29. Rxd5 exd5 30. Be6 Rh8 31. Bf7+ Kd8 32. Bxg6 Rc8 33. Rxb7 Rc1+ 34. Kh2 Rh6 35.
Bf5 Ke8 36. e6 Rc8 37. Re7+ Kd8 38. Rg7 1-0

[Event "Estonian Chess Championship 2021"]
[Site "Tallinn, Paul Keres Chess House, Estonia"]
[Date "2021.12.18"]
[Round "8.3"]
[White "Timoshin, Andrei"]
[Black "Soot, Margus"]
[Result "1-0"]
[TimeControl "90 minutes for first 40 moves and 15 min. for the rest of the game with 30 sec."]
[WhiteFideId "4503503"]
[BlackFideId "4501160"]
[WhiteElo "2150"]
[BlackElo "2117"]

1. e4 c6 2. Nf3 d5 3. Nc3 dxe4 4. Nxe4 Nd7 5. Bc4 e6 6. d4 Ngf6 7. Nxf6+ Nxf6 8. Qe2 Bd6 9. Bd2 O-O 10.
O-O-O Qc7 11. Kb1 c5 12. g4 a6 13. g5 Nh5 14. dxc5 Qxc5 15. Be3 Qc7 16. Rd4 g6 17. Rhd1 Bc5 18.
Rh4 Ng7 19. Bf4 Qb6 20. Ne5 Bd4 21. Bb3 Nf5 22. Rh3 a5 23. c3 Bc5 24. Ng4 Be7 25. Bc2 e5 26. Qxe5 h5 27. gxh6 f6 28.
Qe2 a4 29. h7+ Kh8 30. Ka1 a3 31. b3 Rf7 32. Rhd3 Be6 33. Ne3 Nxe3 34. Rxe3 Ra6 35. Bxg6 Rg7 36. Bd3 Bc5 37. Rxe6 Qxe6 38.
Bxa6 Qxa6 39. Rd8+ Kxh7 40. Qh5# 1-0

[Event "Estonian Chess Championship 2021"]
[Site "Tallinn, Paul Keres Chess House, Estonia"]
[Date "2021.12.18"]
[Round "8.4"]
[White "Pedmanson, Albert"]
[Black "Shishkov, Andrei"]
[Result "0-1"]
[TimeControl "90 minutes for first 40 moves and 15 min. for the rest of the game with 30 sec."]
[BlackTitle "IM"]
[WhiteFideId "4505778"]
[BlackFideId "4500563"]
[WhiteElo "1888"]
[BlackElo "2405"]

1. d4 Nf6 2. Nf3 e6 3. Bf4 d5 4. e3 Bd6 5. Bg3 b6 6. c3 Bb7 7. Bd3 O-O 8. Nbd2 Ne4 9. Qc2 f5 10.
Ne5 Nd7 11. Bxe4 fxe4 12. O-O-O Bxe5 13. dxe5 Ba6 14. f3 Bd3 15. Qa4 Nc5 16. Qc6 Be2 17. Nxe4 Nd3+ 18. Rxd3 Bxd3 19. Qxe6+ Kh8 20. Nf6 Bg6 21. Bh4 gxf6 22.
Rd1 c6 23. Qxc6 Kg8 24. Bxf6 Qe8 25. Qxd5+ Bf7 26. Qb7 Qc8 27. Qe4 Qe6 28. b3 Rac8 29. c4 Bg6 30. Qh4 b5 31. Rd6 Qe8 32.
e6 bxc4 33. Rd7 cxb3+ 34. Kd1 Rxf6 35.
Qxf6 Qf8 36. Qxf8+ Kxf8 37. e7+ Ke8 38. Rd8+ Rxd8+ 39. exd8=Q+ Kxd8 40. axb3 a5 41. Kd2 Kd7 42. Kc3 Kc6 43. b4 a4 44. Kb2 Kd5 45. Ka3 Be8 46.
h4 Kc4 47. g4 Kd3 48. e4 Ke3 49. g5 Kf4 50. Kb2 Bh5 51. b5 Bxf3 52. Ka3 Bxe4 53. Kxa4 Kg4 54. Kb3 Kxh4 55. Kc3 Kxg5 56.
Kd2 Kf4 0-1

[Event "Estonian Chess Championship 2021"]
[Site "Tallinn, Paul Keres Chess House, Estonia"]
[Date "2021.12.18"]
[Round "8.5"]
[White "Hansson, Markus"]
[Black "Volodin, Aleksandr"]
[Result "0-1"]
[TimeControl "90 minutes for first 40 moves and 15 min. for the rest of the game with 30 sec."]
[BlackTitle "GM"]
[WhiteFideId "4505620"]
[BlackFideId "4501950"]
[WhiteElo "1662"]
[BlackElo "2461"]

1. e4 c5 2. Nc3 e6 3. Nge2 a6 4. a4 Nc6 5. g3 d5 6. exd5 exd5 7. d4 Bg4 8. Bg2 Nxd4 9. f3 Bxf3 10.
O-O Nxe2+ 11. Nxe2 Bxg2 12. Kxg2 Nf6 13. Bg5 Be7 14. Nf4 O-O 15. Bxf6 Bxf6 16. Qxd5 Qb6 17. Nh5 Bxb2 18. Rab1 Rad8 19.
Qg5 Qc6+ 20. Kh3 Rd5 21. Rf5 Rxf5 22. Qxf5 g6 23. Qg4 Bd4 24. a5 Re8 25. Rb6 Qh1 26. Qd7 Qf1+ 27. Kh4 Re4+ 28.
Nf4 Rxf4+ 29. gxf4 Qxf4+ 30. Qg4 Qxh2+ 31. Kg5 h6# 0-1

[Event "Estonian Chess Championship 2021"]
[Site "Tallinn, Paul Keres Chess House, Estonia"]
[Date "2021.12.19"]
[Round "9.1"]
[White "Volodin, Aleksandr"]
[Black "Kanep, Meelis"]
[Result "1/2-1/2"]
[TimeControl "90 minutes for first 40 moves and 15 min. for the rest of the game with 30 sec."]
[WhiteTitle "GM"]
[BlackTitle "GM"]
[WhiteFideId "4501950"]
[BlackFideId "4501047"]
[WhiteElo "2461"]
[BlackElo "2433"]

1. d4 d5 2. c4 c6 3. cxd5 cxd5 4. Nf3 Nf6 5. Nc3 Nc6 6. Bf4 Bf5 7. e3 e6 8. Bd3 Bxd3 9. Qxd3 Bd6 10.
Bxd6 Qxd6 11. O-O O-O 12. a3 1/2-1/2

[Event "Estonian Chess Championship 2021"]
[Site "Tallinn, Paul Keres Chess House, Estonia"]
[Date "2021.12.19"]
[Round "9.2"]
[White "Shishkov, Andrei"]
[Black "Hansson, Markus"]
[Result "1-0"]
[TimeControl "90 minutes for first 40 moves and 15 min. for the rest of the game with 30 sec."]
[WhiteTitle "IM"]
[WhiteFideId "4500563"]
[BlackFideId "4505620"]
[WhiteElo "2405"]
[BlackElo "1662"]

1. d4 d5 2. c4 c6 3. e3 Nf6 4. Nc3 e6 5. b3 Nbd7 6. Bb2 Be7 7. Bd3 b6 8. Nf3 O-O 9. O-O Bb7 10.
Qe2 Rc8 11. Rad1 Re8 12. Rfe1 c5 13. cxd5 exd5 14. Bf5 Rb8 15. Ba1 Bf8 16. Qb2 Ne4 17. Nxe4 dxe4 18. Ne5 Nxe5 19. dxe5 Qg5 20.
Bd7 Re7 21. Rd2 Bc8 22. e6 fxe6 23. h4 Qh5 24. Qe5 Qxe5 25. Bxe5 Ra8 26. Bc6 Bb7 27. Bxb7 Rxb7 28. Red1 Be7 29. Rd7 Rxd7 30. Rxd7 Bf6 31. Bxf6 gxf6 32. g4 Rf8 33.
Rxa7 Rf7 34. Ra8+ Kg7 35. Rb8 Ra7 36. Rxb6 Rxa2 37. Rxe6 Rb2 38. Rxe4 Rxb3 39. Kg2 Rb4 40. Kf3 c4 41. Re7+ Kg6 42. h5+ Kh6 43.
Rf7 Rb6 44. Rc7 Rb4 45. Kf4 c3+ 46. Kf5 Rb2 47. f4 Rb5+ 48. Kxf6 Rb6+ 49. Kf5 Rb5+ 50. Ke4 Rb3 51. Kf3 Ra3 52.
Kg3 Ra1 53. Rxc3 Kg7 54. Rc7+ Kh6 55. Rc6+ Kg7 56. g5 Rg1+ 57. Kf3 Rh1 58. Kg4 Rg1+ 59. Kf5 Ra1 60. e4 Ra5+ 61. e5 Ra7 62.
h6+ Kf7 63. Rc8 Re7 64. Rh8 Re8 65. Rxe8 1-0

[Event "Estonian Chess Championship 2021"]
[Site "Tallinn, Paul Keres Chess House, Estonia"]
[Date "2021.12.19"]
[Round "9.3"]
[White "Soot, Margus"]
[Black "Pedmanson, Albert"]
[Result "0-1"]
[TimeControl "90 minutes for first 40 moves and 15 min. for the rest of the game with 30 sec."]
[WhiteFideId "4501160"]
[BlackFideId "4505778"]
[WhiteElo "2117"]
[BlackElo "1888"]

1. d4 Nf6 2. Nc3 d5 3. Bg5 e6 4. e4 Bb4 5. e5 h6 6. exf6 hxg5 7. fxg7 Rg8 8. Qh5 Qf6 9. Nf3 Qxg7 10.
a3 Ba5 11. b4 Bb6 12. Rd1 Nd7 13. Qg4 f5 14. Qh5+ Kf8 15. h4 g4 16. Ne5 Nxe5 17. dxe5 Rh8 0-1